 Dungeon Crawl Stone Soup version 0.19.1 (webtiles) character file.

6598 Firecrotchwizard the Basher (level 10, -14/96 HPs)
             Began as a Minotaur Berserker on Dec 22, 2016.
             Was a High Priest of Trog.
             Demolished by a hill giant
             ... wielding a +0 giant spiked club
              (26 damage)
             ... on level 10 of the Dungeon.
             The game lasted 00:21:39 (9309 turns).

Firecrotchwizard the Basher (Minotaur Berserker)    Turns: 9309, Time: 00:21:39

Health: -14/96     AC: 16    Str: 21    XL:     10   Next: 71%
Magic:  9/9        EV: 10    Int:  4    God:    Trog [*****.]
Gold:   568        SH:  0    Dex: 14    Spells: 0 memorised, 9 levels left

rFire  + . .     SeeInvis .     s - +1 flail (drain)
rCold  x . .     Gourm    .     G - +0 plate armour
rNeg   . . .     Faith    .     (no shield)
rPois  .         Spirit   .     (helmet restricted)
rElec  .         Reflect  .     y - +1 cloak
rCorr  .         Harm     .     (no gloves)
MR     .....                    (no boots)
Stlth  ..........               (no amulet)
                                (no ring)
                                r - ring of fire

@: exhausted, slowed, very slow
A: retaliatory headbutt, horns 2
a: Berserk, Trog's Hand, Brothers in Arms, Burn Spellbooks, Renounce Religion


You were on level 10 of the Dungeon.
You worshipped Trog.
Trog was extremely pleased with you.
You were hungry.

You visited 1 branch of the dungeon, and saw 10 of its levels.

You collected 568 gold pieces.

Inventory:

Hand Weapons
 a - a +0 mace
 j - a +0 flail
 s - a +1 flail of draining (weapon)
 A - a +0 whip of freezing
Missiles
 x - 6 tomahawks (quivered)
Armour
 b - a +0 animal skin
 k - a +0 chain mail
 y - a +1 cloak (worn)
 G - a +0 plate armour (worn)
Jewellery
 r - a ring of fire (left hand)
Wands
 w - a wand of flame (48/48)
 H - a wand of teleportation (7/9)
Scrolls
 d - 6 scrolls of teleportation
 e - 4 scrolls of identify
 h - a scroll of recharging
 m - 3 scrolls of magic mapping
 p - a scroll of random uselessness
 q - 2 scrolls of enchant armour
 t - 2 scrolls of remove curse
 D - a scroll of fog
 I - a scroll of summoning {unknown}
Potions
 f - a potion of magic {unknown}
 i - 2 potions of flight
 l - a potion of cure mutation {unknown}
 n - 6 potions of curing
 o - 2 potions of agility {unknown}
 u - a potion of haste {unknown}
 v - a potion of heal wounds {unknown}
 z - 2 potions of mutation
 B - a potion of degeneration {unknown}
 F - 2 potions of lignification {unknown}
Comestibles
 c - 9 bread rations
 g - 4 meat rations
 C - a beef jerky


   Skills:
 * Level 11.3 Fighting
 * Level 11.3 Maces & Flails
 + Level 4.0 Throwing
 + Level 8.2 Armour
 + Level 7.5 Dodging


You had 9 spell levels left.
You didn't know any spells.

Dungeon Overview and Level Annotations

Branches:
Dungeon (10/15)            Temple (0/1) D:5             Orc (0/2) D:9
   Lair: D:8-11

Altars:
Cheibriados
Dithmenos
Hepliaklqana
Kikubaaqudgha
Xom

Shops:
D:7 *   D:8 [

Annotations:
D:9 Maurice
D:10 korthal's ghost, journeyman MfGl


Innate Abilities, Weirdness & Mutations

You reflexively headbutt those who attack you in melee.
You have a pair of horns on your head.


Message History

You drain the hill giant!
The hill giant is lightly wounded.
You hit the hill giant. You drain the hill giant!
The hill giant is moderately wounded.
The hill giant hits you with a giant spiked club.
You hit the hill giant. You drain the hill giant!
The hill giant is moderately wounded.
The hill giant hits you with a giant spiked club!
* * * LOW HITPOINT WARNING * * *
The hill giant hits you with a giant spiked club!
* * * LOW HITPOINT WARNING * * *
Things that are here:
a club; a dagger; a robe
Things that are here:
an enchanted halberd; a plate armour; an orc corpse You sock the hill giant!
You drain the hill giant! Your headbutt misses the hill giant.
The hill giant is heavily wounded.
The hill giant hits you with a giant spiked club!!
You die...

.......'........# ##
########........# #
#........# # ####.#####
# ##...### # #......# #
####### #......#
.......#########......#
.......†.WC@)..#......#
.......#######.'......#
....... ###......#
....... #......#
....... #......#
....... ####+###
##'#### #.


You could see a hill giant and korthal's ghost.

Vanquished Creatures
  The ghost of drcatpants the Basher, a novice OgHu of the Shining One (D:7)
  Erolcha (D:9)
  Pikel (D:7)
  A troll (D:10)
  The ghost of daryashkoh the Poker, an amateur MfFi (D:4)
  Grinder (D:6)
  2 hippogriffs
  A wyvern (D:10)
  Eustachio (D:6)
  A hungry ghost (D:8)
  Duvessa (D:5)
  A black bear (D:10)
  A phantom (D:4)
  4 ogres
  An ice beast (D:6)
  4 orc warriors
  A sky beast (D:10)
  A necrophage (D:9)
  2 big kobolds
  3 bullfrogs
  4 scorpions
  A wyvern skeleton (D:6)
  Dowan (D:5)
  A water moccasin skeleton (D:7)
  6 killer bees (D:8)
  3 wights (D:6)
  3 howler monkeys (D:7)
  4 crimson imps
  4 hounds
  4 jellies
  3 orc priests
  2 centaur skeletons
  5 orc wizards
  2 iguanas
  2 worker ants (D:8)
  A hound zombie (D:7)
  6 gnolls
  9 adders
  A shadow imp (D:6)
  An adder skeleton (D:5)
  An adder zombie (D:6)
  2 worms
  2 dart slugs
  3 leopard geckos
  24 orcs
  10 bats
  9 giant cockroaches
  7 goblins
  9 hobgoblins
  3 jackals (D:1)
  3 quokkas
  A ball python (D:4)
  6 frilled lizards
  A jackal skeleton (D:4)
  17 kobolds
  3 rats
194 creatures vanquished.

Vanquished Creatures (others)
  An adder (D:7)
  An orc (D:9)
2 creatures vanquished.

Grand Total: 196 creatures vanquished

Notes
Turn   | Place    | Note
-------+----------+-------------------------------------------
     0 | D:1      | Firecrotchwizard the Minotaur Berserker began the quest for the Orb.
     0 | D:1      | Reached XP level 1. HP: 19/19 MP: 0/0
   489 | D:1      | Reached XP level 2. HP: 27/27 MP: 1/1
  1438 | D:2      | Reached ** piety under Trog
  1438 | D:2      | Reached XP level 3. HP: 24/33 MP: 2/2
  2087 | D:2      | Reached XP level 4. HP: 41/41 MP: 3/3
  2979 | D:3      | Reached skill level 5 in Fighting
  3063 | D:3      | Reached XP level 5. HP: 48/48 MP: 4/4
  3064 | D:3      | Reached *** piety under Trog
  3064 | D:3      | Reached skill level 5 in Maces & Flails
  3545 | D:4      | Noticed daryashkoh's ghost (amateur MfFi)
  3671 | D:4      | Noticed a phantom
  3685 | D:4      | Killed a phantom
  3685 | D:4      | Reached XP level 6. HP: 37/56 MP: 5/5
  3990 | D:4      | Killed daryashkoh's ghost
  3990 | D:4      | Reached XP level 7. HP: 63/63 MP: 6/6
  4383 | D:5      | Entered Level 5 of the Dungeon
  4400 | D:5      | Found a staircase to the Ecumenical Temple.
  4559 | D:5      | Noticed Dowan
  4560 | D:5      | Noticed Duvessa
  4566 | D:5      | Killed Dowan
  4566 | D:5      | Reached skill level 5 in Armour
  4571 | D:5      | Killed Duvessa
  4973 | D:6      | Noticed Eustachio
  4993 | D:6      | Killed Eustachio
  4993 | D:6      | Reached XP level 8. HP: 73/73 MP: 7/7
  5015 | D:6      | Found a snail-covered altar of Cheibriados.
  5065 | D:6      | Noticed Grinder
  5070 | D:6      | Killed Grinder
  5279 | D:6      | Reached skill level 5 in Dodging
  5391 | D:6      | Found an ancient bone altar of Kikubaaqudgha.
  5764 | D:6      | Reached **** piety under Trog
  6044 | D:7      | Reached XP level 9. HP: 79/82 MP: 8/8
  6399 | D:7      | Found a hazy altar of Hepliaklqana.
  6434 | D:7      | Noticed Pikel
  6447 | D:7      | Killed Pikel
  6447 | D:7      | Reached skill level 1 in Throwing
  6511 | D:7      | Found Ittittet's Assorted Antiques.
  6673 | D:7      | Noticed drcatpants's ghost (novice OgHu)
  6694 | D:7      | Killed drcatpants's ghost
  6694 | D:7      | Reached skill level 10 in Fighting
  6694 | D:7      | Reached skill level 10 in Maces & Flails
  7024 | D:8      | Found a shimmering altar of Xom.
  7340 | D:8      | Found Tauhuasu's Antique Armour Shoppe.
  7413 | D:8      | Reached XP level 10. HP: 73/94 MP: 9/9
  8001 | D:9      | Found a staircase to the Orcish Mines.
  8197 | D:9      | Found a shadowy altar of Dithmenos.
  8296 | D:9      | Reached ***** piety under Trog
  8313 | D:9      | Noticed Erolcha
  8328 | D:9      | Killed Erolcha
  8570 | D:9      | Noticed Maurice
  8962 | D:10     | Entered Level 10 of the Dungeon
  9280 | D:10     | Noticed korthal's ghost (journeyman MfGl)
  9289 | D:10     | Noticed a hill giant
  9309 | D:10     | Demolished by a hill giant

Skill      XL: |  1  2  3  4  5  6  7  8  9 10 |
---------------+-------------------------------+-----
Maces & Flails | 4 5 6 7 8 10 11 | 11.3
Fighting       | 4 5 6 7 8 10 11 | 11.3
Armour         | 3 4 5 6 7 8 |  8.2
Dodging        | 3 4 5 6 7 |  7.5
Throwing       | 2 4 |  4.0

Action                   |  1- 3 |  4- 6 |  7- 9 | 10-12 || total
-------------------------+-------+-------+-------+-------++-------
Melee: Mace              |    78 |    92 |       |       ||   170
       Headbutt          |     8 |    21 |    56 |    29 ||   114
       Flail             |       |    26 |   258 |   143 ||   427
Throw: Tomahawk          |       |       |     4 |     4 ||     8
Invok: Berserk           |     1 |     1 |     2 |     2 ||     6
       Trog's Hand       |       |       |     3 |       ||     3
  Use: Scroll            |       |     2 |    10 |     3 ||    15
  Eat: Chunk             |     3 |     1 |     5 |     5 ||    14
       Meat ration       |     1 |       |       |       ||     1
       Beef jerky        |       |     1 |     3 |     3 ||     7
       Pizza             |       |       |     1 |       ||     1
       Bread ration      |       |       |     1 |       ||     1
Armor: Animal skin       |    15 |       |       |       ||    15
       Chain mail        |    29 |    61 |   129 |       ||   219
       Plate armour      |       |       |       |    82 ||    82
Dodge: Dodged            |    57 |    53 |   101 |    85 ||   296
